 Dungeon Crawl Stone Soup version 0.31-a0-986-g5e6e4ef867 (webtiles) character file.

Game seed: 2035946195793038354

392623 Stellion the Metallomancer (level 23, -6/116 (118) HPs)
             Began as a Gargoyle Earth Elementalist on Nov 4, 2023.
             Was the Champion of Vehumet.
             Mangled by a death scarab (16 damage)
             ... on level 1 of the Tomb of the Ancients on Nov 5, 2023.
             The game lasted 05:20:06 (63428 turns).

Stellion the Metallomancer (GrEE)                  Turns: 63428, Time: 05:20:07

HP:   -6/116 (118)  AC: 48    Str: 19      XL:     23   Next: 13%
MP:   17/49         EV: 10    Int: 23 (26) God:    Vehumet [******]
Gold: 2396          SH: 16    Dex: 12 (13) Spells: 14/66 levels left

rFire   + + +        d - staff "Didu" {rPois Str+3 Conj Poison}
rCold   + + +        f - +5 kite shield {rC+}
rNeg    + + .        v - +5 ice dragon scales of Rebbatatt {rF- rC++ Str+6 Slay+2 Stlth+}
rPois   ∞            m - +1 helmet of Dithmenos's Outrage {rF+++ rN+ Will- Str-3}
rElec   +            Z - +2 cloak {rF+}
rCorr   +            U - +2 pair of gloves {Dex+3}
SInv    +            c - +2 pair of boots
Will    +++..        r - amulet of regeneration
Stlth   ++           j - ring of see invisible
HPRegen 1.19/turn    t - ring "Zudaulin" {Wiz Drain Will+++ rCorr Slay-5}
MPRegen 0.31/turn

%: wizardry (x1)
@: flying, hasted and slowed, lightly drained
A: sickness immunity, AC +17, big wings, negative energy resistance 1,
electricity resistance, torment resistance 1, petrification resistance
}: 2/15 runes: decaying, serpentine
a: Renounce Religion


You were on level 1 of the Tomb of the Ancients.
You worshipped Vehumet.
Vehumet was exalted by your worship.
You visited 10 branches of the dungeon, and saw 40 of its levels.
You also visited: Sewer and Ice Cave.

You collected 5367 gold pieces.
You spent 2971 gold pieces at shops.

Inventory:

Hand Weapons
 H - the +6 orcbow of Dis Misa {flame, Str+2}
   (You found it on level 3 of the Elven Halls)

   Str+2:     It affects your strength (+2).
 W - the +8 mithril axe "Arga" {speed, Will+}
   (You took it off a deep elf annihilator on level 3 of the Elven Halls)

   Will+:     It increases your willpower.
Missiles
 z - 67 poisoned darts
 E - 3 throwing nets
 O - 2 curare-tipped darts (quivered)
Armour
 c - a +2 pair of boots (worn)
 f - a +5 kite shield of cold resistance (worn)
 h - the -2 hat of the Alchemist {rElec rPois rF+ rC+ rN+ Will+ rMut rCorr}
   (You bought it in a shop on level 2 of the Orcish Mines)

   rF+:       It protects you from fire.
   rC+:       It protects you from cold.
   rElec:     It insulates you from electricity.
   rPois:     It protects you from poison rN+: It protects you from negative
   energy.
   Will+:     It increases your willpower.
   rCorr:     It protects you from acid and corrosion.
   rMut:      It protects you from mutation.
 m - the +1 helmet of Dithmenos's Outrage (worn) {rF+++ rN+ Will- Str-3}
   (You acquired it on level 2 of the Orcish Mines)

   Str-3:     It affects your strength (-3).
   rF+++:     It renders you almost immune to fire.
   rN+:       It protects you from negative energy.
   Will-:     It decreases your willpower.
 v - the +5 ice dragon scales of Rebbatatt (worn) {rF- rC++ Str+6 Slay+2 Stlth+}
   (You found it in an ice cave)

   Str+6:     It affects your strength (+6).
   Slay+2:    It affects your accuracy & damage with ranged weapons and melee
   (+2).
   rF-:       It makes you vulnerable to fire.
   rC++:      It greatly protects you from cold.
   Stlth+:    It makes you more stealthy.
 U - a +2 pair of gloves of dexterity (worn)
 Z - a +2 cloak of fire resistance (worn)
Magical Staves
 b - the staff "Widowermaker" {rPois rN+ Str+5 Int+2 Necro}
   (You found it on level 2 of the Vaults)

   [staff of death]

   Base accuracy: +5 Base damage: 5 Base attack delay: 1.2 This weapon's minimum
   attack delay (0.6) is reached at skill level 12.
   Str+5:     It affects your strength (+5).
   Int+2:     It affects your intelligence (+2).
   rPois:     It protects you from poison rN+: It protects you from negative
   energy.
   Necro:     It increases the power of your Necromancy spells.
   It falls into the 'Staves' category.
   It is a one-handed weapon.
 d - the staff "Didu" (weapon) {rPois Str+3 Conj Poison}
   (You found it on level 15 of the Dungeon)

   [staff of poison]

   Base accuracy: +5 Base damage: 5 Base attack delay: 1.2 This weapon's minimum
   attack delay (0.6) is reached at skill level 12.
   Str+3:     It affects your strength (+3).
   rPois:     It protects you from poison Conj: It increases the power of your
   Conjurations spells.
   Poison:    It increases the power of your Poison spells.
   It falls into the 'Staves' category.
   It is a one-handed weapon.
 L - the staff of Past Mistakes {+Blink rN+ MP+9 Dex-4 Stlth+ Necro}
   (You found it on level 2 of the Lair of Beasts)

   [staff of death]

   Base accuracy: +5 Base damage: 5 Base attack delay: 1.2 This weapon's minimum
   attack delay (0.6) is reached at skill level 12.
   Dex-4:     It affects your dexterity (-4).
   rN+:       It protects you from negative energy.
   MP+9:      It affects your magic capacity (+9).
   +Blink:    It lets you blink.
   Stlth+:    It makes you more stealthy.
   Necro:     It increases the power of your Necromancy spells.
   It falls into the 'Staves' category.
   It is a one-handed weapon.
 N - a staff of earth
Jewellery
 a - a ring of resist corrosion
 j - a ring of see invisible (left hand)
 p - a +6 ring of strength
 r - an amulet of regeneration (around neck)
 t - the ring "Zudaulin" (right hand) {Wiz Drain Will+++ rCorr Slay-5}
   (You found it in an ice cave)

   [ring of wizardry]

   Wiz:       It improves your spell success rate.
   Slay-5:    It affects your accuracy & damage with ranged weapons and melee
   (-5).
   Will+++:   It greatly increases your willpower.
   rCorr:     It protects you from acid and corrosion.
   Drain:     It drains your maximum health when unequipped.
 x - the ring "Ivapudgh" {Wiz rN++ Dex+6}
   (You found it on level 15 of the Dungeon)

   [ring of wizardry]

   Wiz:       It improves your spell success rate.
   Dex+6:     It affects your dexterity (+6).
   rN++:      It greatly protects you from negative energy.
 G - the ring "Paikkajie" {Will++ EV+5 Dex+3}
   (You acquired it on level 2 of the Lair of Beasts)

   [ring of evasion]

   EV+5:      It affects your evasion (+5).
   Dex+3:     It affects your dexterity (+3).
   Will++:    It greatly increases your willpower.
 Q - a ring of willpower
Wands
 e - a wand of polymorph (6)
 i - a wand of iceblast (16)
 n - a wand of charming (10)
 C - a wand of flame (65)
 S - a wand of digging (13)
 V - a wand of mindburst (7)
Scrolls
 u - 6 scrolls of fog
 A - 8 scrolls of teleportation
 F - 2 scrolls of amnesia
 J - 2 scrolls of fear
 K - 3 scrolls of blinking
 M - 18 scrolls of identify
 R - 6 scrolls of revelation
 T - a scroll of enchant armour
Potions
 g - a potion of mutation
 k - 2 potions of cancellation
 l - 6 potions of heal wounds
 o - a potion of invisibility
 q - 18 potions of curing
 s - 2 potions of resistance
 w - 2 potions of brilliance
 B - a potion of might
 D - 5 potions of enlightenment
 I - a potion of ambrosia
 P - 4 potions of haste
Miscellaneous
 y - a phantom mirror


   Skills:
 + Level 4.4 Fighting
 + Level 0.5 Short Blades
 + Level 1.8 Staves
 + Level 1.0 Throwing
 + Level 10.1 Armour
 + Level 6.1 Dodging
 + Level 5.1 Stealth
 + Level 10.3 Shields
 + Level 22.3 Spellcasting
 + Level 13.7 Conjurations
 - Level 9.0 Necromancy
 + Level 4.3 Transmutations
 - Level 9.0 Fire Magic
 + Level 3.8 Air Magic
 + Level 24.2 Earth Magic
 - Level 8.3 Poison Magic
 + Level 2.8 Evocations


You had 14 spell levels left.
You knew the following spells:

 Your Spells              Type           Power      Damage    Failure   Level
a - Sandblast             Erth           100%       2d20      0%          1
b - Passwall              Tmut/Erth      61%        N/A       1%          2
c - Stone Arrow           Conj/Erth      100%       3d13      0%          3
d - Poisonous Vapours     Pois/Air       100%       N/A       1%          2
e - Shatter               Erth           47%        3d36*     5%          9
g - Bombard               Conj/Erth      53%        9d9       1%          6
h - Sticky Flame          Conj/Fire      87%        2d10      1%          4
i - Lee's Rapid Deconstr  Erth           47%        3d23*     0%          5
j - Olgreb's Toxic Radia  Pois           77%        N/A       1%          4
k - Lehudib's Crystal Sp  Conj/Erth      53%        10d12     3%          8
l - Iskenderun's Battles  Conj           93%        2d14      1%          5
m - Ignite Poison         Fire/Tmut/Pois 73%        N/A       1%          3

Your spell library contained the following spells:

 Spells                   Type           Power      Damage    Failure   Level
 Fire Storm               Conj/Fire      43%        8d11      99%         9
 Maxwell's Capacitive Co  Air            21%        ∞         100%        8
 Freeze                   Ice            100%       1d10      1%          1
 Shock                    Conj/Air       100%       1d9       1%          1
 Sting                    Tmut/Pois      100%       1d8       1%          1
 Momentum Strike          Conj/Tloc      100%       3d10      1%          2
 Static Discharge         Conj/Air       100%       3-8/arc   1%          2
 Dazzling Flash           Conj/Hex       100%       N/A       1%          3
 Mephitic Cloud           Conj/Pois/Air  98%        N/A       1%          3
 Vampiric Draining        Necr           61%        2d10      1%          3
 Animate Dead             Necr           61%        N/A       1%          4
 Brom's Barrelling Bould  Conj/Erth      100%       2d11      1%          4
 Iskenderun's Mystic Bla  Conj/Tloc      72%        2d15      1%          4
 Leda's Liquefaction      Hex/Erth       34%        N/A       1%          4
 Petrify                  Tmut/Erth      74%        N/A       1%          4
 Arcjolt                  Conj/Air       39%        1d49      1%          5
 Borgnjor's Vile Clutch   Necr/Erth      40%        N/A       1%          5
 Fireball                 Conj/Fire      43%        3d17      1%          5
 Irradiate                Conj/Tmut      39%        3d24      1%          5
 Swiftness                Air            43%        N/A       2%          3
 Airstrike                Air            21%        2d(4-20)  2%          4
 Agony                    Necr           61%        N/A       2%          5
 Freezing Cloud           Conj/Ice/Air   34%        6-21      2%          5
 Frozen Ramparts          Ice            50%        1d8       3%          3
 Orb of Destruction       Conj           46%        9d12      3%          7
 Slow                     Hex            100%       N/A       4%          1
 Summon Small Mammal      Summ           100%       N/A       4%          1
 Conjure Ball Lightning   Conj/Air       39%        3x3d13    4%          6
 Blink                    Tloc           50%        N/A       6%          2
 Ensorcelled Hibernation  Hex/Ice        50%        N/A       6%          2
 Jinxbite                 Hex            50%        N/A       6%          2
 Lesser Beckoning         Tloc           50%        N/A       6%          2
 Anguish                  Hex/Necr       23%        N/A       6%          4
 Alistair's Intoxication  Tmut/Pois      46%        N/A       8%          5
 Call Canine Familiar     Summ           25%        N/A       12%         3
 Confusing Touch          Hex            25%        N/A       12%         3
 Ozocubu's Armour         Ice            25%        N/A       12%         3
 Sigil of Binding         Hex            25%        N/A       12%         3
 Summon Guardian Golem    Hex/Summ       25%        N/A       12%         3
 Tukima's Dance           Hex            25%        N/A       12%         3
 Eringya's Noxious Bog    Tmut/Pois      35%        4d6       12%         6
 Death Channel            Necr           30%        N/A       14%         6
 Vhi's Electric Charge    Tloc/Air       68%        N/A       16%         4
 Dimensional Bullseye     Hex/Tloc       12%        N/A       34%         4
 Manifold Assault         Tloc           25%        N/A       34%         4
 Silence                  Hex/Air        17%        N/A       41%         5
 Spellforged Servitor     Conj/Summ      36%        N/A       41%         7
 Metabolic Englaciation   Hex/Ice        12%        N/A       67%         5
 Ignition                 Fire           30%        3d10      75%         8
 Haunt                    Necr/Summ      23%        N/A       99%         7
 Borgnjor's Revivificati  Necr           30%        N/A       99%         8
 Death's Door             Necr           30%        N/A       100%        9
 Cigotuvi's Dreadful Rot  Necr/Pois/Air  Unusable   N/A       N/A         2

Dungeon Overview and Level Annotations

Branches:
Dungeon (15/15)            Temple (1/1) D:5            Lair (5/5) D:9
  Swamp (4/4) Lair:2        Snake (4/4) Lair:2          Orc (2/2) D:11
    Elf (3/3) Orc:2        Vaults (2/5) D:14          Crypt (3/3) Vaults:2
   Tomb (1/3) Crypt:3      Depths (0/4) D:15          Sewer (visited)
  IceCv (visited)
  Slime: Lair:4-5

Altars:
Ashenzari
Cheibriados
Dithmenos
Elyvilon
Fedhas
Gozag
Hepliaklqana
Kikubaaqudgha
Makhleb
Nemelex Xobeh
Okawaru
Qazlal
Ru
Sif Muna
Trog
Uskayaw
Vehumet
Wu Jian
Xom
Yredelemnul
Zin
The Shining One

Shops:
D:4 *   D:7 [?   D:11 *   D:12 =   Orc:2 :*[(   Elf:2 (*(:   Snake:3 (
Vaults:2 ?

Annotations:
D:3 1 runed translucent door, Crazy Yiuf
D:6 2 transporters, gdog's ghost, novice GnDe
D:7 1 runed translucent door
D:8 exclusion: ice statue
Temple 2 transporters
Elf:3 exclusion: orange crystal statue
Vaults:2 3 runed translucent doors
Crypt:2 Sojobo


Innate Abilities, Weirdness & Mutations

You are immune to sickness and miasma.
Your stone body is resilient. (AC +17)
You are immune to poison.
Your large and strong wings let you fly.
You resist negative energy. (rN+)
You are resistant to electric shocks. (rElec)
You are resistant to unholy torment.
You are immune to petrification.


Message History

You block the death scarab's attack. x2; The death scarab barely misses you.
The death scarab bites you but does no damage.
You block the death scarab's attack. The death scarab closely misses you.
The death scarab attacks as it pursues you!
You block the death scarab's attack. The death scarab misses you.
The death scarab bites you but does no damage.
You block the death scarab's attack.
The death scarab bites you but does no damage. x2
The death scarab bites you.
* * * LOW HITPOINT WARNING * * *
The death scarab attacks as it pursues you!
You block the death scarab's attack. The death scarab bites you!
* * * LOW HITPOINT WARNING * * *
You block the death scarab's attack. x2
You block the death scarab's attack.
The death scarab bites you but does no damage.
You block the death scarab's attack. You block the death scarab's attack.
The death scarab attacks as it pursues you!
You block the death scarab's attack.
The death scarab bites you but does no damage. x2
The death scarab attacks as it pursues you!
The death scarab bites you but does no damage. x2
You block the death scarab's attack.
The death scarab bites you but does no damage.
The death scarab completely misses you. You block the death scarab's attack.
The death scarab bites you but does no damage.
The death scarab barely misses you. The death scarab closely misses you.
The death scarab barely misses you.
The death scarab attacks as it pursues you!
You block the death scarab's attack.
The death scarab bites you but does no damage.
You block the death scarab's attack. x2
You barely miss the death scarab. The death scarab bites you!!
* * * LOW HITPOINT WARNING * * *
The death scarab drains your vigour!
You feel as though you will be slow longer.
The death scarab bites you!
You die...

#################
...............<#
................#
................#
................#
..............B.#
#####........B.#
#........B@#
#.........B#
#..........#
#.......ss.#
#..........#
#..........#
#..........#
#........s.#
#..........#


You could see 3 emperor scorpions and 4 death scarabs.

Vanquished Creatures
  Saint Roka (Snake:2)
  Margery (Crypt:2)
  Vashnia (Snake:2)
  Jorgrun (D:12)
  2 deep elf blademasters (Elf:2)
  6 sphinxes
  4 liches (D:15)
  2 deep elf master archers (Elf:3)
  3 ancient champions
  2 thorn hunters
  Kirke (D:13)
  Aizul (Snake:2)
  2 tengu reavers
  A fenstrider witch (Swamp:3)
  2 azure jellies (IceCv)
  Roxanne (Snake:1)
  3 revenants
  Louise (Snake:1)
  4 deep elf sorcerers
  5 vault wardens (Vaults:2)
  7 nagarajas
  6 deep elf elementalists
  A cacodemon (Vaults:2)
  A curse skull (Crypt:2)
  10 ghouls
  A war gargoyle (Vaults:2)
  3 orc warlords
  3 quicksilver oozes (IceCv)
  A juggernaut skeleton (Crypt:1)
  3 ironbound thunderhulks
  2 formless jellyfish (Vaults:1)
  10 ironbound preservers
  2 vampire knights
  5 deep elf demonologists (Elf:3)
  6 eleionomae
  The ghost of Doxel the Ripper, a journeyman FeSh of Wu Jian (D:15)
  4 bunyips
  7 deep elf annihilators (Elf:3)
  2 dire elephants (Vaults:2)
  A crystal guardian (Vaults:2)
  3 eidola
  4 mummy priests
  11 deep elf death magi
  11 jiangshi
  A great orb of eyes (Vaults:2)
  2 deep elf high priests (Elf:3)
  7 fire dragons
  3 yaktaur captains
  A fenstrider witch zombie (Tomb:1)
  An entropy weaver (Vaults:2)
  A peacekeeper (Vaults:2)
  4 vault guards (Vaults:2)
  Erolcha (D:13)
  2 catoblepae (Lair:1)
  4 salamander tyrants (Snake:4)
  7 ghost crabs
  An elf skeleton (Crypt:2)
  3 spriggan skeletons (Crypt:1)
  3 boulder beetles
  20 hydras
  10 alligators
  12 centaur warriors
  A fenstrider witch skeleton (Crypt:3)
  A sphinx zombie (D:15)
  An ogre mage (D:14)
  37 dancing weapons
  4 ironbound frosthearts
  3 death yaks
  2 death knights (Crypt:1)
  7 anacondas
  8 two-headed ogres
  17 naga warriors
  6 vampire magi
  A sphinx skeleton (Crypt:3)
  8 naga sharpshooters
  A quicksilver ooze zombie (Crypt:1)
  A titan zombie (Crypt:2)
  4 hell knights
  8 shock serpents
  4 orc high priests
  Urug (Orc:2)
  A storm dragon zombie (Crypt:3)
  5 soul eaters
  3 shadow wraiths
  20 deep elf knights
  17 spriggans
  2 titan skeletons (Crypt:1)
  4 skysharks
  8 salamander mystics
  39 skeletal warriors
  11 spriggan druids
  5 naga ritualists
  6 goliath frogs
  A bunyip zombie (Crypt:2)
  6 swamp dragons
  5 bog bodies
  4 bunyip skeletons (Crypt:1)
  30 deep trolls
  2 flayed ghosts
  11 deep elf archers
  4 ironbound convokers
  28 deep elf zephyrmancers
  9 mana vipers
  7 phantasmal warriors
  3 arcanists
  An anaconda skeleton (Crypt:1)
  9 lindwurms
  5 necromancers
  A stone giant zombie (Crypt:2)
  32 deep elf pyromancers
  3 orc sorcerers
  6 orc knights
  13 will-o-the-wisps
  27 ugly things
  4 cyclopes
  18 salamanders
  A jorogumo skeleton (Crypt:3)
  Maurice (D:12)
  2 iron dragon skeletons
  4 manticores
  4 centaur zombies (D:10)
  18 naga magi
  2 dire elephant zombies
  A guardian serpent (shapeshifter) (D:13)
  A stone giant skeleton (Crypt:1)
  3 elephants (Lair:2)
  6 guardian serpents
  38 black mambas
  3 vault sentinels
  A torpor snail (Lair:3)
  3 apocalypse crabs (Swamp:3)
  An unseen horror (D:12)
  2 gargoyles (D:13)
  A purple draconian zombie (Crypt:3)
  20 cane toads
  A centaur skeleton (Crypt:1)
  2 ice statues (IceCv)
  A yellow draconian zombie (Crypt:2)
  Psyche (D:9)
  A rime drake (shapeshifter) (D:15)
  3 rime drakes
  10 komodo dragons
  2 freezing wraiths (Crypt:1)
  2 alligator snapping turtle skeletons (Crypt:1)
  9 guardian mummies
  A purple draconian skeleton (Crypt:1)
  10 yaktaurs
  7 tyrant leeches
  2 polar bears
  2 bloated husks
  6 trolls
  A harpy zombie (Crypt:2)
  A hornet (shapeshifter) (Vaults:2)
  17 hornets
  A meliai zombie (D:10)
  5 harpy skeletons
  20 blink frogs
  2 hydra skeletons (Crypt:1)
  14 dream sheep
  An ettin zombie (Crypt:3)
  A spriggan zombie (D:15)
  A stone giant simulacrum (Tomb:1)
  24 slime creatures
  A shadow (D:12)
  4 wraiths
  2 air elementals
  12 flying skulls
  9 basilisks
  3 ushabtiu (Tomb:1)
  2 black mamba skeletons
  5 water elementals
  3 fire elementals (Elf:1)
  9 wyverns
  Eustachio (D:6)
  50 yaks
  2 steam dragons
  2 wargs
  18 vampire mosquitoes
  3 acid dragons
  54 nagas
  A faun skeleton (Crypt:1)
  10 swamp worms
  A great orb of eyes simulacrum (IceCv)
  16 water moccasins
  34 orc warriors
  A demonspawn skeleton (Crypt:2)
  3 naga skeletons
  An ice beast (D:5)
  10 swamp drakes
  4 black bears
  A sky beast (D:7)
  6 ogres
  45 wolves
  11 centaurs
  A snapping turtle skeleton (Crypt:2)
  A swamp dragon skeleton (Crypt:1)
  A phantom (D:5)
  3 slime creature simulacra (IceCv)
  Blork the orc (Orc:2)
  3 earth elementals
  16 bullfrogs
  2 gnoll sergeants
  5 kobold brigands
  2 necrophages (D:10)
  4 glowing shapeshifter simulacra (IceCv)
  10 scorpions
  4 wights
  A cyclops skeleton (Crypt:2)
  A swamp dragon simulacrum (Crypt:1)
  A yak zombie (Crypt:1)
  14 killer bees
  4 howler monkeys
  4 electric eels (Lair:5)
  3 gnoll boudas
  3 human zombies
  5 hounds
  16 orc priests
  2 human skeletons (Crypt:1)
  4 iguanas
  A sleepcap (D:5)
  17 orc wizards
  2 shapeshifter simulacra (IceCv)
  A tengu zombie (Crypt:2)
  10 mummies
  31 gnolls
  14 adders
  2 river rats (Sewer)
  A shadow imp (D:6)
  4 white imps
  2 ufetubi (D:6)
  A worm zombie (Crypt:3)
  An iguana skeleton (Crypt:1)
  2 worms
  5 dart slugs
  79 orcs
  7 ball pythons
  6 endoplasms
  10 giant cockroaches
  10 hobgoblins
  6 jackals
  14 kobolds
  A quokka (D:5)
  5 bats
  A dart slug zombie (Crypt:1)
  6 frilled lizards
  7 goblins
  13 rats
1651 creatures vanquished.

Vanquished Creatures (others)
  Nikola (Snake:1)
  A water elemental (Elf:1)
  2 humans (D:13)
  3 swamp drakes (Swamp:4)
  An orc (Elf:3)
  A boulder (Elf:3)
  45 foxfires
54 creatures vanquished.

Grand Total: 1705 creatures vanquished

Notes
Turn   | Place    | Note
-------+----------+-------------------------------------------
     0 | D:1      | Stellion the Gargoyle Earth Elementalist began the quest
                  | for the Orb.
     0 | D:1      | Reached XP level 1. HP: 10/10 MP: 3/3
   131 | D:1      | Reached XP level 2. HP: 12/15 MP: 0/5
   340 | D:1      | Reached skill level 4 in Earth Magic
   979 | D:1      | Reached XP level 3. HP: 19/19 MP: 6/6
  1147 | D:2      | Reached XP level 4. HP: 14/24 MP: 0/8
  1232 | D:2      | Learned a level 2 spell: Passwall
  1746 | D:2      | Reached skill level 1 in Fighting
  1769 | D:2      | Found a faded altar of an unknown god.
  1935 | D:3      | Reached XP level 5. HP: 29/29 MP: 4/9
  2025 | D:3      | Found a hide-covered altar of Uskayaw.
  2190 | D:3      | Found a runed translucent door.
  2191 | D:3      | Noticed Crazy Yiuf
  2486 | D:3      | Found a glowing drain.
  2491 | Sewer    | Entered a sewer
  2821 | Sewer    | Noticed a kobold brigand
  2829 | Sewer    | Killed a kobold brigand
  2830 | Sewer    | Reached skill level 5 in Earth Magic
  2830 | Sewer    | Reached XP level 6. HP: 34/34 MP: 5/11
  3598 | D:4      | Found a glowing golden altar of the Shining One.
  3829 | D:4      | Found Taxkom's Fire Supplies.
  4000 | D:4      | Reached skill level 6 in Earth Magic
  4000 | D:4      | Reached XP level 7. HP: 38/38 MP: 10/13
  4056 | D:4      | Reached skill level 1 in Staves
  4217 | D:5      | Entered Level 5 of the Dungeon
  4225 | D:5      | Reached skill level 5 in Spellcasting
  4316 | D:5      | Found a staircase to the Ecumenical Temple.
  4326 | Temple   | Found a transporter.
  4326 | Temple   | Found a transporter.
  4326 | Temple   | Found a transporter.
  4326 | Temple   | Found a transporter.
  4326 | Temple   | Entered the Ecumenical Temple
  4344 | Temple   | Became a worshipper of Vehumet
  4432 | D:5      | Reached XP level 8. HP: 33/43 MP: 11/16
  4571 | D:5      | Reached skill level 7 in Earth Magic
  4582 | D:5      | Learned a level 3 spell: Stone Arrow
  4627 | D:5      | Noticed a yak
  4633 | D:5      | Killed a yak
  5066 | D:5      | Noticed a troll
  5224 | D:5      | Reached skill level 8 in Earth Magic
  5567 | D:6      | Found a transporter.
  5567 | D:6      | Noticed gdog's ghost (novice GnDe)
  5567 | D:6      | Noticed a yak
  5569 | D:6      | Noticed a manticore
  5681 | D:6      | Found a broken altar of Ashenzari.
  5684 | D:6      | Found a shadowy altar of Dithmenos.
  5687 | D:6      | Found a burning altar of Makhleb.
  5687 | D:6      | Noticed Eustachio
  5688 | D:6      | Noticed a wyvern
  5694 | D:6      | Found a shimmering altar of Xom.
  5694 | D:6      | Found an ornate altar of the Wu Jian Council.
  5694 | D:6      | Found an opulent altar of Gozag.
  5694 | D:6      | Found a hazy altar of Hepliaklqana.
  5709 | D:6      | Found a transporter.
  5717 | D:6      | Reached * piety under Vehumet
  5717 | D:6      | Offered knowledge of Kiss of Death by Vehumet.
  5746 | D:6      | Killed a wyvern
  6010 | D:6      | Killed Eustachio
  6011 | D:6      | Reached XP level 9. HP: 47/47 MP: 3/19
  6166 | D:6      | Reached skill level 9 in Earth Magic
  6773 | D:7      | Identified the "Nogium"
  6907 | D:7      | Identified the +3 buckler of Feasting {Harm rPois}
  6917 | D:7      | Reached skill level 1 in Conjurations
  6990 | D:7      | Found a runed translucent door.
  7072 | D:7      | Found a snail-covered altar of Cheibriados.
  7087 | D:7      | Found Nuit's Magic Scroll Shop.
  7113 | D:7      | Found Ipio's Armour Emporium.
  7195 | D:7      | Offered knowledge of Poisonous Vapours by Vehumet.
  7197 | D:7      | Reached ** piety under Vehumet
  7201 | D:7      | Learned a level 2 spell: Poisonous Vapours
  7563 | D:7      | Found a runed translucent door.
  7591 | D:7      | Reached skill level 10 in Earth Magic
  7703 | D:8      | Reached XP level 10. HP: 53/53 MP: 19/22
  7793 | D:8      | Noticed an ice statue
  7893 | D:8      | Reached skill level 1 in Armour
  8123 | D:8      | Offered knowledge of Momentum Strike by Vehumet.
  8698 | D:9      | Noticed a two-headed ogre
  8702 | D:9      | Killed a two-headed ogre
  8703 | D:9      | Reached skill level 11 in Earth Magic
  8883 | D:9      | Reached *** piety under Vehumet
  8986 | D:9      | Reached skill level 10 in Spellcasting
  9141 | D:9      | Found a staircase to the Lair.
  9359 | D:9      | Noticed Psyche
  9429 | D:9      | Killed Psyche
  9430 | D:9      | Reached skill level 12 in Earth Magic
  9784 | Lair:1   | Entered Level 1 of the Lair of Beasts
  9831 | Lair:1   | Identified the +0 scale mail "Ulajawnao" {rF++ Str-4}
  9848 | Lair:1   | Noticed a cane toad
  9864 | Lair:1   | Killed a cane toad
  9865 | Lair:1   | Reached XP level 11. HP: 50/58 MP: 18/25
  9888 | Lair:1   | Offered knowledge of Inner Flame by Vehumet.
  9913 | Lair:1   | Found a frozen archway.
  9922 | IceCv    | Entered an ice cave
 10106 | IceCv    | Noticed a quicksilver ooze
 10111 | IceCv    | Killed a quicksilver ooze
 10205 | IceCv    | Noticed a quicksilver ooze
 10210 | IceCv    | Killed a quicksilver ooze
 10211 | IceCv    | Reached skill level 13 in Earth Magic
 10231 | IceCv    | Noticed a quicksilver ooze
 10238 | IceCv    | Killed a quicksilver ooze
 10369 | IceCv    | Found a viscous altar of Jiyva.
 10369 | IceCv    | Noticed an azure jelly
 10372 | IceCv    | Noticed an azure jelly
 10656 | IceCv    | Killed an azure jelly
 10796 | IceCv    | Killed an azure jelly
 10892 | IceCv    | Identified the ring "Tiluusop" {rF- rC+ Str+5}
 10894 | IceCv    | Identified the ring "Zudaulin" {Wiz Drain Will+++ rCorr
                  | Slay-5}
 10898 | IceCv    | Identified the +5 ice dragon scales of Rebbatatt {rF- rC++
                  | Str+6 Slay+2 Stlth+}
 10999 | Lair:1   | Noticed a catoblepas
 11032 | Lair:1   | Reached skill level 14 in Earth Magic
 11039 | Lair:1   | Reached XP level 12. HP: 61/64 MP: 23/27
 11050 | Lair:1   | Reached **** piety under Vehumet
 11101 | Lair:1   | Killed a catoblepas
 11102 | Lair:1   | Reached skill level 1 in Shields
 11218 | Lair:1   | Offered knowledge of Hailstorm by Vehumet.
 11701 | Lair:1   | Noticed a catoblepas
 11714 | Lair:1   | Killed a catoblepas
 11999 | Lair:1   | Reached skill level 15 in Earth Magic
 12065 | Lair:2   | Noticed an eight-headed hydra
 12079 | Lair:2   | Killed an eight-headed hydra
 12295 | Lair:2   | Found a staircase to the Swamp.
 12444 | Lair:2   | Found a staircase to the Snake Pit.
 12621 | Lair:2   | Reached XP level 13. HP: 68/68 MP: 26/30
 12629 | Lair:2   | Reached ***** piety under Vehumet
 12794 | Lair:2   | Offered knowledge of Spellforged Servitor by Vehumet.
 12805 | Lair:2   | Learned a level 7 spell: Spellforged Servitor
 12810 | Lair:2   | Learned a level 4 spell: Brom's Barrelling Boulder
 12870 | Lair:2   | Reached skill level 16 in Earth Magic
 13317 | Lair:2   | Identified a scroll of acquirement
 13317 | Lair:2   | Identified the of Hasm (You acquired it on level 2 of the
                  | Lair of Beasts)
 13317 | Lair:2   | Acquired the ring "Paikkajie" {Will++ EV+5 Dex+3}
 13395 | Lair:2   | Identified the +10 hand axe of Xycix {elec, rN+}
 13512 | Lair:2   | Identified the staff of Past Mistakes {+Blink rN+ MP+9
                  | Dex-4 Stlth+ Necro}
 13805 | Lair:3   | Reached skill level 5 in Conjurations
 14179 | Lair:3   | Reached skill level 5 in Armour
 15074 | Lair:4   | Gained mutation: Your large and strong wings let you fly.
                  | [Gargoyle growth]
 15074 | Lair:4   | Reached XP level 14. HP: 74/74 MP: 26/32
 15083 | Lair:4   | Reached skill level 17 in Earth Magic
 15151 | Lair:4   | Found a sacrificial altar of Ru.
 15201 | Lair:4   | You are sucked into a shaft and drop 1 floor!
 15201 | Lair:5   | Entered Level 5 of the Lair of Beasts
 15396 | Lair:5   | Reached skill level 15 in Spellcasting
 16164 | Lair:5   | Offered knowledge of Bombard by Vehumet.
 16172 | Lair:5   | Learned a level 6 spell: Bombard
 16189 | Lair:5   | Reached skill level 5 in Shields
 16197 | Lair:5   | Reached skill level 1 in Evocations
 16203 | Lair:5   | Reached skill level 18 in Earth Magic
 17548 | D:4      | Bought a +2 cloak of fire resistance for 301 gold pieces
 17795 | D:10     | Entered Level 10 of the Dungeon
 17865 | D:9      | Found a white marble altar of Elyvilon.
 18514 | D:10     | Found an ancient bone altar of Kikubaaqudgha.
 18759 | D:10     | Found a basalt altar of Yredelemnul.
 18768 | D:10     | Learned a level 4 spell: Sticky Flame
 19344 | D:11     | Reached skill level 1 in Fire Magic
 19454 | D:11     | Found Xealiaj's Assorted Antiques.
 19559 | D:11     | Found a staircase to the Orcish Mines.
 20092 | D:11     | Reached XP level 15. HP: 77/78 MP: 24/34
 20253 | D:12     | Identified the +6 short sword "Qootwoz" {spect, Dex+2}
 20319 | D:12     | Noticed Maurice
 20321 | D:12     | Killed Maurice
 20418 | D:12     | Offered knowledge of Lee's Rapid Deconstruction by Vehumet.
 20431 | D:12     | Learned a level 5 spell: Lee's Rapid Deconstruction
 20741 | D:12     | Found Cozasubb's Jewellery Shoppe.
 20967 | D:12     | Noticed Jorgrun
 20983 | D:12     | Killed Jorgrun
 21570 | Orc:1    | Entered Level 1 of the Orcish Mines
 21871 | Orc:2    | Entered Level 2 of the Orcish Mines
 22097 | Orc:2    | Noticed Urug
 22104 | Orc:2    | Noticed an orc warlord
 22106 | Orc:2    | Killed Urug
 22350 | Orc:2    | Killed an orc warlord
 22531 | Orc:2    | Noticed Blork the orc
 22536 | Orc:2    | Killed Blork the orc
 22818 | Orc:2    | Found Rarautz's General Store.
 22928 | Orc:2    | Found Arhofer's Book Emporium.
 22936 | Orc:2    | Bought the Folio of Intoxicating Ceraunoscopy for 418 gold
                  | pieces
 22944 | Orc:2    | Found Byogat's Antique Armour Emporium.
 22966 | Orc:2    | Found Geyganuh's Antique Weapon Emporium.
 23285 | Orc:2    | Found a staircase to the Elven Halls.
 23314 | Orc:2    | Learned a level 4 spell: Olgreb's Toxic Radiance
 23579 | Swamp:1  | Identified the of Xyarr
 23579 | Vaults:5 | Identified the of Wohoth
 23579 | Vaults:5 | Identified the "Muar Caj"
 23579 | Vaults:5 | Identified the "Fetem"
 23579 | Vaults:5 | Identified the of Noatzi
 23579 | Crypt:3  | Identified the "Qauceuq"
 23579 | Depths:3 | Identified the "Ecos"
 23579 | Elf:1    | Entered Level 1 of the Elven Halls
 23579 | Elf:1    | Noticed a deep elf elementalist
 23582 | Elf:1    | Killed a deep elf elementalist
 23589 | Elf:1    | Offered knowledge of Irradiate by Vehumet.
 23590 | Elf:1    | Reached skill level 1 in Poison Magic
 23953 | Elf:1    | Reached skill level 19 in Earth Magic
 24331 | Orc:2    | Acquired the +1 helmet of Dithmenos's Outrage {rF+++ rN+
                  | Will- Str-3}
 24344 | Orc:2    | Acquired 602 gold pieces
 24372 | Orc:2    | Bought the -2 hat of the Alchemist {rElec rPois rF+ rC+ rN+
                  | Will+ rMut rCorr} for 1652 gold pieces
 24372 | Orc:2    | Found the -2 hat of the Alchemist {rElec rPois rF+ rC+ rN+
                  | Will+ rMut rCorr}
 24408 | Elf:1    | Reached skill level 5 in Fire Magic
 24532 | Elf:1    | Noticed a deep elf elementalist
 24535 | Elf:1    | Killed a deep elf elementalist
 24657 | Elf:1    | Reached XP level 16. HP: 83/84 MP: 18/36
 26072 | Elf:2    | Found Waodinu's Weapon Shoppe.
 26076 | Elf:2    | Found Taigem's General Store.
 26171 | Elf:2    | Learned a level 5 spell: Irradiate
 26359 | Elf:2    | Offered knowledge of Iskenderun's Battlesphere by Vehumet.
 26430 | Elf:2    | Learned a level 5 spell: Iskenderun's Battlesphere
 26500 | Elf:2    | Found Diet's Weapon Boutique.
 26507 | Elf:2    | Found a radiant altar of Vehumet.
 26797 | Elf:2    | Found Xuj Reba's Book Emporium.
 27233 | Elf:2    | Found a runed translucent gate.
 27233 | Elf:2    | Found a runed translucent gate.
 27233 | Elf:2    | Found a runed translucent gate.
 27473 | Elf:2    | Reached skill level 5 in Poison Magic
 27651 | Elf:2    | Reached skill level 20 in Earth Magic
 28007 | Elf:2    | Reached XP level 17. HP: 88/88 MP: 28/38
 28421 | Elf:3    | Identified the "Vaoch"
 28421 | Elf:3    | Entered Level 3 of the Elven Halls
 28582 | Elf:3    | Noticed a deep elf blademaster
 28733 | Elf:2    | Killed a deep elf blademaster
 29020 | Elf:3    | Noticed a Tzitzimitl
 29097 | Elf:3    | Noticed a Hell Sentinel
 29098 | Elf:3    | Noticed an Executioner
 29273 | Elf:3    | Reached skill level 5 in Dodging
 29426 | Elf:3    | Noticed a deep elf master archer
 29431 | Elf:3    | Noticed a deep elf blademaster
 29461 | Elf:2    | Killed a deep elf blademaster
 29694 | Elf:3    | Killed a deep elf master archer
 29818 | Elf:3    | Paralysed by an air elemental for 1 turns
 29930 | Elf:3    | Identified the +3 rapier of Excruciating Pain {heavy, *Rage
                  | rF+ rCorr Int+3}
 29937 | Elf:3    | Noticed an Executioner
 30210 | Elf:3    | Identified the +7 morningstar of the Malding Saviour
                  | {venom, rPois}
 30258 | Elf:3    | Identified the staff of the Sky {rElec rC+ Str-5 Int+6 Ice}
 30263 | Elf:3    | Identified the +6 orcbow of Dis Misa {flame, Str+2}
 30332 | Elf:3    | Identified the +3 robe of Articulation {rF+ Regen+ Int+3
                  | Slay-2}
 30337 | Elf:3    | Identified the staff of Ecwixory {rElec Str+3 Air}
 30520 | Elf:3    | Reached ****** piety under Vehumet
 30608 | Elf:3    | Noticed a deep elf master archer
 30615 | Elf:3    | Killed a deep elf master archer
 30735 | Elf:3    | Found a shimmering blue altar of Sif Muna.
 31046 | Elf:2    | Bought the Elucidation of the Reformed Dragon for 600 gold
                  | pieces
 31050 | Elf:2    | Learned a level 3 spell: Ignite Poison
 31365 | Elf:3    | Identified the maw talisman "Koedduer" {rCorr Str-5 Int+2}
 31481 | Elf:3    | Found a shimmering blue altar of Sif Muna.
 32132 | D:13     | Noticed Kirke
 32139 | D:13     | Killed Kirke
 32140 | D:13     | Reached skill level 1 in Transmutations
 32331 | D:13     | Noticed Erolcha
 32334 | D:13     | Killed Erolcha
 32416 | D:13     | Reached XP level 18. HP: 93/93 MP: 35/40
 32748 | D:13     | Reached skill level 1 in Air Magic
 33439 | D:14     | Found a gate to the Vaults.
 33950 | D:14     | Found an ancient bone altar of Kikubaaqudgha.
 34318 | D:15     | Entered Level 15 of the Dungeon
 34614 | D:15     | Reached skill level 1 in Necromancy
 34819 | D:15     | Identified the staff "Iquil" {Will+ Dex+3 SInv Conj}
 34995 | D:15     | Found a runed translucent gate.
 34995 | D:15     | Found a runed translucent gate.
 34995 | D:15     | Found a runed translucent gate.
 34998 | D:15     | Found an ancient bone altar of Kikubaaqudgha.
 34998 | D:15     | Noticed a lich
 34998 | D:15     | Noticed a lich
 35000 | D:15     | Noticed a lich
 35000 | D:15     | Noticed a lich
 35001 | D:15     | Noticed Doxel's ghost (journeyman FeSh)
 35315 | D:15     | Found a staircase to the Depths.
 35478 | D:15     | Reached skill level 21 in Earth Magic
 36020 | D:15     | Killed a lich
 36023 | D:15     | Killed a lich
 36027 | D:15     | Killed a lich
 36031 | D:15     | Killed Doxel's ghost
 36037 | D:15     | Killed a lich
 36049 | D:15     | Identified the staff "Didu" {rPois Str+3 Conj Poison}
 36057 | D:15     | Identified the +2 cloak of Feasting {rF- rN++}
 36061 | D:15     | Identified the ring "Ivapudgh" {Wiz rN++ Dex+6}
 36601 | Swamp:1  | Entered Level 1 of the Swamp
 36633 | Swamp:1  | Offered knowledge of Fireball by Vehumet.
 37218 | Swamp:1  | Learned a level 9 spell: Shatter
 37622 | Swamp:2  | Identified the +5 trident "Hoppus" {distort, Dex+2}
 37759 | Swamp:2  | Offered knowledge of Ozocubu's Refrigeration by Vehumet.
 37969 | Swamp:2  | Reached XP level 19. HP: 98/98 MP: 19/41
 38601 | Swamp:3  | Found a runed translucent door.
 38652 | Swamp:3  | Reached skill level 5 in Stealth
 38762 | Swamp:3  | Reached skill level 10 in Conjurations
 39146 | Swamp:3  | Identified the +0 leather armour of the Stallion {Int+5
                  | Dex+3}
 39147 | Swamp:3  | Identified the ring "Asesez" {Drain rPois rF+ Will+}
 40138 | Swamp:4  | Entered Level 4 of the Swamp
 40654 | Swamp:4  | Offered knowledge of Lehudib's Crystal Spear by Vehumet.
 40654 | Swamp:4  | Offered knowledge of Fire Storm by Vehumet.
 40654 | Swamp:4  | Offered knowledge of Maxwell's Capacitive Coupling by
                  | Vehumet.
 40866 | Swamp:3  | Reached skill level 5 in Necromancy
 42026 | Swamp:4  | Got a decaying rune of Zot
 42134 | Snake:1  | Entered Level 1 of the Snake Pit
 42175 | Snake:1  | Learned a level 8 spell: Lehudib's Crystal Spear
 42361 | Snake:1  | Noticed Roxanne
 42366 | Snake:1  | Killed Roxanne
 42862 | Snake:1  | Reached skill level 22 in Earth Magic
 43334 | Snake:1  | Reached XP level 20. HP: 103/103 MP: 18/43
 43981 | Snake:1  | Noticed Nikola
 43988 | Snake:1  | Killed Nikola
 44032 | Snake:1  | Noticed Louise
 44039 | Snake:1  | Killed Louise
 44233 | Snake:2  | Found an iron altar of Okawaru.
 44256 | Snake:2  | Identified the serpent talisman "Zacal" {Fly rF+ Slay+2}
 44256 | Snake:2  | Noticed Aizul
 44271 | Snake:2  | Killed Aizul
 44292 | Snake:2  | Noticed Vashnia
 44351 | Snake:2  | Killed Vashnia
 44936 | Snake:2  | Noticed Saint Roka
 44946 | Snake:2  | Killed Saint Roka
 46280 | Snake:2  | Acquired a book of Unlife
 46915 | Snake:3  | Found Zonuesye's Weapon Shop.
 47472 | Snake:4  | Entered Level 4 of the Snake Pit
 49304 | Snake:4  | Reached XP level 21. HP: 105/108 MP: 30/45
 49396 | Snake:4  | Got a serpentine rune of Zot
 50835 | Vaults:1 | Entered Level 1 of the Vaults
 51031 | Vaults:1 | Identified the +3 spear "Beuschoz" {flame, Str+2}
 52239 | Vaults:2 | Found a runed translucent gate.
 52239 | Vaults:2 | Found a runed translucent gate.
 52239 | Vaults:2 | Found a runed translucent gate.
 52359 | Vaults:2 | Identified the staff "Widowermaker" {rPois rN+ Str+5 Int+2
                  | Necro}
 53071 | Vaults:2 | Found Pihuem's Magic Scroll Shoppe.
 53518 | Vaults:2 | Reached skill level 23 in Earth Magic
 53818 | Vaults:2 | Reached skill level 1 in Throwing
 54126 | Vaults:2 | Found a staircase to the Crypt.
 54321 | Crypt:1  | Entered Level 1 of the Crypt
 54735 | Crypt:1  | Reached XP level 22. HP: 112/112 MP: 18/47
 55486 | Crypt:1  | Paralysed by something for 5 turns
 57501 | Crypt:1  | Identified the +4 quarterstaff "Kiafeju" {heavy, rElec
                  | rPois Will- Str-2}
 59061 | Crypt:2  | Noticed Sojobo
 59069 | Crypt:2  | Paralysed by an air elemental for 1 turns
 59558 | Crypt:2  | Noticed Margery
 59699 | Crypt:2  | Killed Margery
 60625 | Crypt:2  | Reached skill level 10 in Shields
 60676 | Crypt:2  | Paralysed by an air elemental for 1 turns
 60679 | Crypt:2  | Paralysed by an air elemental for 1 turns
 60682 | Crypt:2  | Paralysed by an air elemental for 1 turns
 60987 | Crypt:2  | Paralysed by an air elemental for 1 turns
 60990 | Crypt:2  | Paralysed by an air elemental for 1 turns
 61198 | Crypt:2  | Paralysed by an air elemental for 1 turns
 61201 | Crypt:2  | Paralysed by an air elemental for 1 turns
 61203 | Crypt:2  | Paralysed by an air elemental for 1 turns
 61205 | Crypt:2  | Paralysed by an air elemental for 1 turns
 61210 | Crypt:2  | Paralysed by an air elemental for 1 turns
 61213 | Crypt:2  | Paralysed by an air elemental for 1 turns
 61217 | Crypt:2  | Paralysed by an air elemental for 1 turns
 61280 | Crypt:2  | Paralysed by an air elemental for 1 turns
 61402 | Crypt:3  | Entered Level 3 of the Crypt
 61761 | Crypt:3  | Reached skill level 24 in Earth Magic
 61873 | Crypt:3  | Reached skill level 10 in Armour
 62746 | Crypt:3  | Reached XP level 23. HP: 117/117 MP: 33/49
 62801 | Crypt:3  | Found a staircase to the Tomb.
 62844 | Tomb:1   | Entered Level 1 of the Tomb of the Ancients
 63378 | Tomb:1   | Noticed a royal mummy
 63428 | Tomb:1   | Mangled by a death scarab

Illustrated notes

Levels and vault maps discovered:
D:1:      psy_arrival_spokes, layout_basic, serial_bayou, serial_bayou_lake_a,
          serial_bayou_lagoon_b, serial_bayou_shore_b, serial_bayou_pond_c,
          kennysheep_flooded_box
D:2:      layout_basic, nicolae_ecumenical_snake_handling, minmay_cut_off
D:3:      layout_basic, nicolae_uskayaw_murder_on_the_dancefloor,
          portal_sewer_entry_e, uniq_crazy_yiuf_cottage
D:4:      layout_loops_corners, mainiacjoe_overflow_tiny_flanked,
          nicolae_shop_fire_sale [nicolae_sub_dead_trees], kennysheep_dice
D:5:      minmay_thick_lines, layout_loops_ring,
          minmay_temple_entry_purple_smoke, lightli_corner_chamber
D:6:      layout_gridville, grunt_temple_overflow_open, gammafunk_ghost_arena,
          uniq_eustachio
D:7:      lemuel_insect_pit, layout_loops_cross,
          mainiacjoe_overflow_small_starburst, serial_shops,
          nicolae_shop_just_a_little_nook, shop
D:8:      lemuel_ice_statue, layout_basic
D:9:      layout_roguey, elyvilon_altar_1, erik_lair_dragon, uniq_psyche
D:10:     layout_loops_ring, mainiacjoe_overflow_surrounded_room,
          lemuel_mausoleum_altar_yredelemnul
D:11:     layout_irregular_city, david_orc_5, serial_shops, nicolae_diamond_shop
D:12:     layout_gridville, nicolae_stop_n_shop_2, uniq_maurice, uniq_jorgrun
D:13:     layout_cave_pools, serial_rivers, chequers_serial_rivers_micro_c,
          chequers_serial_rivers_micro_c, chequers_serial_rivers_large_b,
          chequers_serial_rivers_room_b, chequers_serial_rivers_small_b,
          uniq_kirke, uniq_erolcha
D:14:     layout_irregular_city, david_vaults_2, kiku_gazebo_garden_becter,
          hangedman_decor_clover_reticule
D:15:     gammafunk_depths_entry_grave, layout_irregular_city,
          gammafunk_ghost_crypt, grunt_decor_cap
Temple:   hellmonk_temple_divided_pantheon
Lair:1:   beast_lair_carwin_large_4, layout_chaotic_city, serial_forest,
          infiniplex_forest_clump_diagonal, infiniplex_forest_clump_long,
          infiniplex_forest_clump_cross, infiniplex_forest_clump_diagonal,
          infiniplex_forest_clump_tiny, infiniplex_forest_straight_1,
          portal_ice_cave_entry_pillars_2, minivault_19, st_stairs_9,
          nicolae_quartered_pool_impasse
Lair:2:   nzn_winding_woodlands_stair_trap [nzn_winding_woodlands_5x15_jagged,
          nzn_winding_woodlands_5x15_garden,
          nzn_winding_woodlands_5x15_sidewinder,
          nzn_winding_woodlands_15x15_boxy_spiral,
          nzn_winding_woodlands_5x15_concentric,
          nzn_winding_woodlands_5x15_pockets,
          nzn_winding_woodlands_5x15_longhouse], layout_hall_layers,
          mainiacjoe_swamp_entry_angry_trees, minmay_snake_entry_guardpost_large
Lair:3:   layout_cellular_growth, hangedman_lair_unloving_vines
Lair:4:   layout_loops_ring, slime_entry_1, basic_altar,
          infiniplex_staircase_pool
Lair:5:   minmay_lair_end_frog_pond, layout_cave_pods, serial_bayou_shore_a
Swamp:1:  layout_falls_marsh, evilmike_swamp_ruin_house_4, swamp_pool_1_2,
          nicolae_swamp_tree_isthmus, infiniplex_staircase_pool_2
Swamp:2:  layout_basic_swamp, serial_swamp_ruin, hangedman_swamp_ruin_wall,
          evilmike_swamp_ruin_house_2, hangedman_swamp_double_dragon
Swamp:3:  gammafunk_mikee_crab_dinner, layout_basic_swamp,
          evilmike_swamp_ruin_rubble_1, swamp_pool_3, hangedman_swamp_pad
Swamp:4:  swamp_fiery, layout_basic_swamp, swamp_pool_1_2
Snake:1:  nicolae_snake_hallway, layout_gridlike, uniq_louise, uniq_nikola,
          uniq_roxanne
Snake:2:  layout_chambers, basic_altar, grunt_megastairs_3, uniq_saint_roka,
          uniq_vashnia, uniq_aizul
Snake:3:  nicolae_snake_attic_fulla_snakes, layout_onion_interference,
          serial_shops, nicolae_shop_real_fake_doors, nicolae_snake_shapes
Snake:4:  grunt_snake_rune_serpentine_throne, layout_cave_town
Orc:1:    layout_caves
Orc:2:    grunt_orc_cross, layout_caves, mines2_david
Elf:1:    minmay_elf_arrival_circle, layout_geoelf_grid,
          hangedman_elven_crosses_minicolossus
Elf:2:    nicolae_elf_blades_splatter_lattice
          [nicolae_blade_entry_hurt_lockers], layout_onion_city, basic_altar,
          serial_shops, nicolae_shop_tiny_statue_garden, shop, minmay_shop_star
Elf:3:    grunt_elf_hall_spiral, layout_gridlike, basic_altar,
          guppyfry_elf_altar
Vaults:1: nicolae_vaults_disjoint_gnomons, hangedman_vaults_restitches,
          nicolae_vaults_house_1, nicolae_vaults_tetromino_L_2,
          vaults_room_hallway, nicolae_vaults_trapezoid_4, vaults_room_grid,
          nicolae_vaults_closet_pinwheel_6, ontoclasm_vaults_pinch,
          vaults_standard_mumra_x, layout_vaults_big_room
Vaults:2: ploomutoo_gammafunk_ghost_potion_laboratory,
          nicolae_vaults_sightless_eye, ontoclasm_vaults_spin,
          minmay_crypt_entry_simple_round, nicolae_vaults_heist,
          nicolae_vaults_bisected_slash, nicolae_vaults_shelves_hall,
          nicolae_vaults_border_crossing, vaults_dpeg_encased_lava,
          vaults_room_corners, layout_vaults_omnigrid, serial_shops,
          nicolae_shop_tiny_statue_garden
Crypt:1:  minmay_skeleton_keep, layout_regular_city,
          grunt_crypt_arrival_guarded_gate
Crypt:2:  layout_catacombs, grunt_megastairs_4, uniq_sojobo, uniq_margery
Crypt:3:  lightli_unholy_cathedral, layout_chaotic_city,
          tomb_entry_shell_bobbens, grunt_ministairs_14, st_vampire_maze
Tomb:1

Skill      XL: |  1  2  3  4  5  6  7  8  9 10 11 12 13 14 15 16 17 18 19 20 21 22 |
---------------+-------------------------------------------------------------------+-----
Earth Magic    | 4 5 6 8 10 12 14 15 16 18 19 20 21 22 23 24 | 24.2
Stealth        | 3 4 5 |  5.1
Spellcasting   | 3 4 5 7 8 10 11 13 14 15 16 17 18 19 20 21 22 | 22.3
Fighting       | 1 2 3 4 |  4.4
Dodging        | 2 3 4 5 6 |  6.1
Staves         | 1 |  1.8
Conjurations   | 1 2 4 5 6 7 8 9 10 11 12 13 | 13.7
Armour         | 2 3 5 6 7 8 9 10 | 10.1
Shields        | 2 3 5 6 7 8 9 10 | 10.3
Evocations     | 1 2 |  2.8
Fire Magic     | 1 5 7 8 9 |  9.0
Poison Magic   | 2 5 7 8 |  8.3
Transmutations | 1 2 4 |  4.3
Air Magic      | 1 2 3 |  3.8
Necromancy     | 3 5 7 8 9 |  9.0
Throwing       | 1 |  1.0
Short Blades   | |  0.5

Action                     |  1- 3 |  4- 6 |  7- 9 | 10-12 | 13-15 | 16-18 | 19-21 | 22-24 || total
---------------------------+-------+-------+-------+-------+-------+-------+-------+-------++-------
  Melee: Short sword       |    27 |    14 |       |       |       |       |       |       ||    41
         Quarterstaff      |       |    16 |     5 |       |       |       |       |       ||    21
         Staff             |       |       |       |     5 |     6 |     7 |     6 |     6 ||    30
  Throw: Dart              |       |       |       |       |     7 |    11 |     7 |     3 ||    28
   Cast: Sandblast         |    28 |   115 |   138 |   258 |   506 |   141 |   246 |    48 ||  1480
         Passwall          |       |     1 |       |       |       |       |     2 |       ||     3
         Stone Arrow       |       |       |    31 |    93 |   292 |   274 |   473 |   240 ||  1403
         Bombard           |       |       |       |       |    91 |   151 |   144 |     1 ||   387
         Lee's Rapid Decon |       |       |       |       |    18 |    31 |    10 |    25 ||    84
         Olgreb's Toxic Ra |       |       |       |       |     3 |    43 |    46 |     4 ||    96
         Iskenderun's Batt |       |       |       |       |       |     8 |     2 |     2 ||    12
         Poisonous Vapours |       |       |       |       |       |    93 |   116 |     9 ||   218
         Ignite Poison     |       |       |       |       |       |    72 |   136 |     9 ||   217
         Brom's Barrelling |       |       |       |       |       |     1 |       |       ||     1
         Lehudib's Crystal |       |       |       |       |       |       |    62 |   187 ||   249
         Irradiate         |       |       |       |       |       |       |     1 |       ||     1
         Shatter           |       |       |       |       |       |       |       |     4 ||     4
  Evoke: Wand              |       |       |     2 |     5 |    16 |     9 |    66 |     3 ||   101
    Use: Scroll            |       |    13 |     4 |    11 |    12 |     2 |     7 |     6 ||    55
         Potion            |       |       |       |       |       |     7 |     3 |     3 ||    13
   Stab: Sleeping          |     5 |     1 |     1 |       |       |       |     1 |       ||     8
 Armour: Robe              |    28 |    58 |    80 |   135 |       |       |       |       ||   301
         Leather armour    |       |       |    33 |    39 |       |       |       |       ||    72
         Skin              |       |       |       |     1 |       |       |       |       ||     1
         Ice dragon scales |       |       |       |   156 |   577 |   419 |   763 |   573 ||  2488
  Dodge: Dodged            |    34 |    53 |   104 |   181 |   390 |   134 |   408 |   214 ||  1518
  Block: Kite shield       |       |       |       |    82 |   444 |   270 |   690 |   470 ||  1956

Table legend: (Time is in decaauts)
 A = Elapsed time spent in this place.
 B = Non-inter-level travel time spent in this place.
 C = Inter-level travel time spent in this place.
 D = Time resting spent in this place.
 E = Time spent auto-exploring this place.
 F = Levels seen in this place.
 G = Mean time per level.
                   A        B        C        D        E       F      G
               +--------+--------+--------+--------+--------+-----+--------+
         Total |  64505 |  59701 |   4804 |  18859 |  23722 |  42 | 1535.8 |
       Dungeon |  19226 |  16215 |   3011 |   2357 |   9801 |  15 | 1281.7 |
        Temple |    258 |    246 |     12 |      0 |      0 |   1 |  258.0 |
          Lair |   7259 |   6598 |    661 |   1088 |   3390 |   5 | 1451.8 |
         Swamp |   5389 |   5285 |    104 |   2229 |   1608 |   4 | 1347.2 |
     Snake Pit |   7722 |   7583 |    139 |   3102 |   2743 |   4 | 1930.5 |
  Orcish Mines |   2518 |   2355 |    163 |    957 |    622 |   2 | 1259.0 |
   Elven Halls |   7925 |   7397 |    528 |   3041 |   2039 |   3 | 2641.7 |
        Vaults |   4750 |   4566 |    184 |   1730 |   1745 |   2 | 2375.0 |
         Crypt |   7091 |   7091 |      0 |   3680 |   1018 |   3 | 2363.7 |
          Tomb |    476 |    476 |      0 |    183 |      0 |   1 |  476.0 |
         Sewer |    795 |    795 |      0 |      5 |    522 |   1 |  795.0 |
      Ice Cave |   1091 |   1091 |      0 |    486 |    233 |   1 | 1091.0 |
               +--------+--------+--------+--------+--------+-----+--------+

Top non-repeatable levels by time:
 Crypt:1: 4141 daAuts
   Elf:2: 3499 daAuts
Vaults:2: 3305 daAuts
   Elf:3: 2345 daAuts
 Swamp:3: 2305 daAuts
  Lair:2: 2299 daAuts
 Snake:2: 2224 daAuts
 Snake:4: 2196 daAuts
   Elf:1: 2079 daAuts
 Crypt:2: 1990 daAuts
     D:9: 1940 daAuts
  Lair:5: 1908 daAuts
   Orc:2: 1796 daAuts
 Snake:3: 1732 daAuts
     D:5: 1680 daAuts
